 Dungeon Crawl Stone Soup version 0.16.2-3-ga078185 (webtiles) character file.

39 gorblad the Skirmisher (level 3, 0/29 HPs)
             Began as a Demonspawn Chaos Knight on Sept 6, 2015.
             Succumbed to an adder's poison
             ... on level 4 of the Dungeon.
             The game lasted 00:08:48 (1631 turns).

gorblad the Skirmisher (Demonspawn Chaos Knight)    Turns: 1631, Time: 00:08:48

Health: 0/29       AC:  5    Str: 13    XL:     3   Next: 26%
Magic:  3/3        EV: 11    Int: 13    God:    Xom [....*.]
Gold:   118        SH:  0    Dex: 12    Spells: 0 memorised, 2 levels left

rFire  . . .     SeeInvis .     a - +1 falchion (chaos)
rCold  . . .     Clarity  .     b - +2 leather armour
rNeg   . . .     SustAb   .     (no shield)
rPois  .         Gourm    .     (no helmet)
rElec  .         Spirit   .     (no cloak)
rCorr  .         Warding  .     (no gloves)
rMut   .         Stasis   .     (no boots)
MR     .....                    (no amulet)
Stlth  +.........               (no ring)
                                (no ring)

@: lethally poisoned (0 -> -7), not resistant to hostile enchantments, very
unstealthy
A: hooves 1, rot immunity
a: Renounce Religion


You were on level 4 of the Dungeon.
You worshipped Xom.
You were a beloved toy of Xom.
You were not hungry.

You visited 1 branch of the dungeon, and saw 5 of its levels.

You collected 118 gold pieces.

Inventory:

Hand weapons
 a - a +1 falchion of chaos (weapon)
 d - a +0 spear
 e - a +0 short sword
 p - a +0 whip
Missiles
 q - 12 poisoned needles
Armour
 b - a +2 leather armour (worn)
 r - a +0 robe
Jewellery
 h - an uncursed ring of poison resistance {unknown}
Scrolls
 f - 2 scrolls of teleportation {unknown}
 i - 3 scrolls of remove curse {unknown}
 k - 3 scrolls of magic mapping {unknown}
 l - 2 scrolls of blinking {unknown}
Potions
 c - a potion of poison {unknown}
 g - a potion of might {unknown}
 j - a potion of heal wounds {unknown}
 m - a potion of restore abilities {unknown}
 o - a potion of mutation {unknown}
 t - a potion of degeneration {unknown}
Comestibles
 n - a bread ration
 s - 2 chunks of flesh


   Skills:
 + Level 3.5 Fighting
 + Level 3.3 Long Blades
 + Level 1.8 Armour
 + Level 1.1 Dodging
 + Level 0.6 Stealth


You had 2 spell levels left.
You didn't know any spells.

Dungeon Overview and Level Annotations

Branches:
Dungeon (5/15)
 Temple: D:4-7

Altars:


Innate Abilities, Weirdness & Mutations

You have large cloven feet.
You are immune to rotting.


Message History

The bat barely misses you.
You climb upwards.
The worker ant twitches its antennae in your direction.
The hobgoblin shouts!
A giant newt comes into view.
* * * LOW HITPOINT WARNING * * *
You feel sick.
Xom's power touches on a nearby monster.
The giant newt looks momentarily different.
You hear a bark!
Found 19 bolts of penetration and 16 gold pieces.
Found an escape hatch in the floor.
There is a stone staircase leading down here.
You are too injured to fight recklessly!
You are too injured to fight recklessly!
You are too injured to fight recklessly!
You are too injured to fight recklessly!
There is a lethal amount of poison in your body!
You die...
Xom snickers!

.
#..##############
#...$............
#.....(.........
#.a..@........
##.>....l.>...
#........####
#...###### #.g###
#..# #..# .#


You could see a worker ant, a hobgoblin and a giant newt.

Vanquished Creatures
  An adder (D:2)
  A giant eyeball (D:2)
  An orc (D:3)
  2 goblins (D:2)
  A hobgoblin (D:2)
  5 bats
  A giant cockroach (D:3)
  4 giant newts
  2 jackals (D:1)
  4 kobolds
  4 rats
  11 plants (D:1)
37 creatures vanquished.

Notes
Turn   | Place    | Note
--------------------------------------------------------------
     0 | D:1      | gorblad, the Demonspawn Chaos Knight, began the quest for the Orb.
     0 | D:1      | Reached XP level 1. HP: 18/18 MP: 1/1
    56 | D:1      | XOM: divination: detect creatures
   471 | D:1      | XOM: 1-stop teleportation journey
   752 | D:1      | XOM: vitrification
   962 | D:2      | Reached skill level 1 in Dodging
   962 | D:2      | Gained mutation: You have large cloven feet. [demonic ancestry]
   962 | D:2      | Reached XP level 2. HP: 24/24 MP: 2/2
  1108 | D:2      | Gained mutation: You are immune to rotting. [demonic ancestry]
  1108 | D:2      | Reached XP level 3. HP: 24/29 MP: 3/3
  1391 | D:2      | XOM: scenery: 1 doors open
  1622 | D:3      | You fall through a shaft for 2 floors!
  1622 | D:5      | Entered Level 5 of the Dungeon
  1622 | D:5      | Noticed a sky beast
  1629 | D:4      | HP: 1/29 [poisoned by an adder]
  1629 | D:4      | XOM: polymorph giant newt -> giant newt
  1631 | D:4      | Succumbed to an adder's poison

Action                   || total
-------------------------++-------
Melee: Falchion          ||   423
  Use: Scroll            ||     1
 Stab: Paralysed         ||     2
  Eat: Bread ration      ||     1
